 Dungeon Crawl Stone Soup version 0.19.0-22-gd96e5fe (webtiles) character file.

70 KristoblXynda the Charmwright (level 4, -1/36 HPs)
             Began as a Draconian Skald on Nov 19, 2016.
             Was a Priest of Uskayaw.
             Succumbed to Terence's poison
             ... on level 2 of the Dungeon.
             The game lasted 00:03:00 (1437 turns).

KristoblXynda the Charmwright (Draconian Skald)     Turns: 1437, Time: 00:03:01

Health: -1/36      AC:  6    Str: 13 (15) XL:     4   Next: 3%
Magic:  7/7        EV: 17    Int: 22 (23) God:    Uskayaw [***...]
Gold:   88         SH:  6    Dex: 14 (15) Spells: 1 memorised, 6 levels left

rFire  . . .     SeeInvis .     a - +0 hand axe
rCold  . . .     Gourm    .     (armour unavailable)
rNeg   . . .     Faith    .     e - +2 buckler
rPois  .         Spirit   .     (helmet restricted)
rElec  .         Reflect  .     (no cloak)
rCorr  .         Harm     .     q - +0 pair of gloves
MR     .....                    (no boots)
Stlth  ++........               (no amulet)
                                (no ring)
                                p - +5 ring of intelligence

@: brilliant, agile, lethally poisoned (-1 -> -34)
A: unfitting armour, cold-blooded, AC +5
a: Stomp, Line Pass, Renounce Religion


You were on level 2 of the Dungeon.
You worshipped Uskayaw.
Uskayaw was noncommittal.
You were hungry.

You visited 1 branch of the dungeon, and saw 2 of its levels.

You collected 88 gold pieces.

Inventory:

Hand Weapons
 a - a +0 hand axe (weapon)
Missiles
 m - 6 javelins (quivered)
Armour
 e - a +2 buckler (worn)
 q - a +0 pair of gloves (worn)
Jewellery
 p - a +5 ring of intelligence (left hand)
Scrolls
 d - 2 scrolls of identify
 h - a scroll of immolation {unknown}
 k - a scroll of blinking {unknown}
 l - 3 scrolls of teleportation {unknown}
 o - a scroll of random uselessness {unknown}
Potions
 j - a potion of agility
 n - a potion of brilliance
Books
 b - a book of Battle

   Spells                             Type                      Level
   a - Infusion                       Charms                       1
   b - Shroud of Golubria             Charms/Translocation         2
   c - Song of Slaying                Charms                       2
   d - Spectral Weapon                Hexes/Charms                 3
   e - Regeneration                   Charms/Necromancy            3
Comestibles
 c - 3 bread rations
 f - a beef jerky
 i - a meat ration


   Skills:
 - Level 2.1 Fighting
 + Level 2.8 Axes
 - Level 2.0 Dodging
 + Level 1.4 Shields
 - Level 2.0 Spellcasting
 + Level 3.3 Charms


You had 6 spell levels left.
You knew the following spells:

 Your Spells              Type           Power        Failure   Level  Hunger
a - Infusion              Chrm           ####         1%          1    #......


Dungeon Overview and Level Annotations

Branches:
Dungeon (2/15)

Altars:
Kikubaaqudgha
Uskayaw


Innate Abilities, Weirdness & Mutations

Your plain brown scales are hard. (AC +5)
You cannot fit into any form of body armour.
You are cold-blooded and may be slowed by cold attacks.


Message History

* * * LOW HITPOINT WARNING * * *
You feel very sick. You block Terence's attack.
Unknown command.
You hit Terence.
Your tail-slap misses Terence.
Terence is almost dead.
* * * LOW HITPOINT WARNING * * *
You feel very sick. Terence barely misses you.
You hit Terence but do no damage. You tail-slap Terence.
You kill Terence!
You feel your strength returning.
Your Shields skill increases to level 1!
You have reached level 4!
You feel stronger.
* * * LOW HITPOINT WARNING * * *
You feel very sick.
You hit the kobold.
You kill the kobold!
You die...

.# #.# #.#.......
...##..### .# #.#
#.#.....#
##........ .# #.#
#.#.....#
#.##.#.## .#
#.###.#.....# #.
#.#.# .#
#...#.#.....# #
#.#.# ##
###.#.#...@.###
....#
#.#.........#
#.### #
###.###.....#)#
#. #.#...#
#######@#
#.#.###########.#
#............)..#
###.#############
####.# .....#
######


There were no monsters in sight!

Vanquished Creatures
  Terence (D:2)
  An adder (D:2)
  2 worms (D:2)
  A dart slug (D:2)
  A giant cockroach (D:2)
  5 goblins (D:1)
  2 hobgoblins (D:1)
  3 jackals (D:1)
  3 bats
  A frilled lizard (D:1)
  5 kobolds
  4 rats
29 creatures vanquished.

Notes
Turn   | Place    | Note
-------+----------+-------------------------------------------
     0 | D:1      | KristoblXynda the Draconian Skald began the quest for the Orb.
     0 | D:1      | Reached XP level 1. HP: 17/17 MP: 3/3
   232 | D:1      | Reached XP level 2. HP: 13/24 MP: 5/5
   583 | D:1      | Reached skill level 3 in Charms
   781 | D:2      | Found an ancient bone altar of Kikubaaqudgha.
   975 | D:2      | Noticed Terence
  1236 | D:2      | Noticed a hand axe
  1237 | D:2      | Found a hide-covered altar of Uskayaw.
  1238 | D:2      | Noticed a hand axe
  1242 | D:2      | Reached XP level 3. HP: 28/29 MP: 6/6
  1251 | D:2      | Became a worshipper of Uskayaw the Reveler
  1321 | D:2      | Reached * piety under Uskayaw
  1414 | D:2      | Reached ** piety under Uskayaw
  1426 | D:2      | Reached *** piety under Uskayaw
  1436 | D:2      | Killed Terence
  1436 | D:2      | Reached skill level 1 in Shields
  1436 | D:2      | Reached XP level 4. HP: 5/36 MP: 7/7
  1437 | D:2      | Succumbed to Terence's poison

Skill      XL: |  1  2  3 |
---------------+----------+-----
Dodging        | 2 |  2.0
Charms         | 3 |  3.3
Shields        | 1 |  1.4
Fighting       | |  2.1
Axes           | |  2.8
Spellcasting   | |  2.0

Action                   |  1- 3 |  4- 6 || total
-------------------------+-------+-------++-------
Melee: Hand axe          |   119 |     1 ||   120
       Tailslap          |     9 |       ||     9
  Use: Scroll            |     3 |       ||     3
       Potion            |     5 |       ||     5
 Stab: Paralysed         |     1 |       ||     1
  Eat: Chunk             |     1 |       ||     1
Armor: Skin              |    34 |       ||    34
Dodge: Dodged            |    72 |       ||    72
Block: Buckler           |    37 |       ||    37
